 Dungeon Crawl Stone Soup version 0.21.1-1-g345015fe64 (webtiles) character file.

117 Naru the Chopper (level 5, 0/47 HPs)
             Began as a Hill Orc Monk on June 18, 2018.
             Slain by Natasha (7 damage)
             ... on level 2 of the Dungeon.
             The game lasted 00:03:20 (1682 turns).

Naru the Chopper (Hill Orc Monk)                    Turns: 1682, Time: 00:03:21

Health: 0/47       AC:  9    Str: 14    XL:     5   Next: 1%
Magic:  5/5        EV:  6    Int: 11    God:
Gold:   87         SH:  0    Dex: 13    Spells: 4/4 levels left

rFire    . . .     SeeInvis .   a - +0 hand axe
rCold    . . .     Gourm    .   (no shield)
rNeg     . . .     Faith    .   i - +0 chain mail
rPois    .         Spirit   .   d - +0 helmet
rElec    .         Reflect  .   (no cloak)
rCorr    .         Harm     .   (no gloves)
MR       .....                  (no boots)
Stlth    ..........             (no amulet)
HPRegen  0.15/turn              (no ring)
MPRegen  0.09/turn              (no ring)

@: heavily drained
A: no striking features
a: no special abilities


You were on level 2 of the Dungeon.
You were not hungry.

You visited 1 branch of the dungeon, and saw 2 of its levels.

You collected 87 gold pieces.

Inventory:

Hand Weapons
 a - a +0 hand axe (weapon)
Armour
 d - a +0 helmet (worn)
 i - a +0 chain mail (worn)
Scrolls
 e - 2 scrolls of magic mapping {unknown}
Potions
 f - a potion of mutation {unknown}
 g - a potion of heal wounds {unknown}
 h - a potion of lignification {unknown}
 j - a potion of might {unknown}
Comestibles
 c - 4 rations


   Skills:
 * Level 4.7(3.1) Fighting
 * Level 5.7(4.0) Axes
 + Level 1.1(0.0) Armour
 + Level 2.8(1.2) Dodging
 - Level 1.5(0.0) Stealth


You had 4 spell levels left.
You didn't know any spells.

Dungeon Overview and Level Annotations

Branches:
Dungeon (2/15)

Altars:
Makhleb
Vehumet

Annotations:
D:2 Natasha


Message History

Your chain mail prevents you from hitting the shadow imp.
You completely miss the worm. You hit the crimson imp.
Natasha barely misses you.
The shadow imp hits you but does no damage.
The crimson imp hits you but does no damage.
The worm bites you.
* * * LOW HITPOINT WARNING * * *
You hit Natasha.
Natasha is almost dead.
You closely miss the crimson imp. You barely miss the worm.
You hit the shadow imp. Natasha barely misses you.
The shadow imp gestures at you. Pain shoots through your body!
* * * LOW HITPOINT WARNING * * *
The crimson imp hits you but does no damage.
You hit Natasha.
Natasha is almost dead.
You closely miss the shadow imp. You hit the worm. You miss the crimson imp.
Natasha claws you!
You die...

.........(..
#...../..........#.#..
#.............>..#....
#.....................
###.......##............
#.........#.............
#...........#.........#.
#.....5h5.>......#......
#....@w†#.............
########......).......
#...>..........
#..............
#..............
#..............
##.............
##.....#.....#
#############


You could see a worm, Natasha, a crimson imp and a shadow imp.

Vanquished Creatures
  Terence (D:1)
  Robin (D:2)
  3 gnolls (D:1)
  A worm (D:2)
  2 leopard geckos (D:2)
  A giant cockroach (D:2)
  12 goblins
  9 hobgoblins
  3 kobolds
  A quokka (D:2)
  A ball python (D:1)
  4 bats
  5 frilled lizards (D:2)
  3 rats
47 creatures vanquished.

Notes
Turn   | Place    | Note
-------+----------+-------------------------------------------
     0 | D:1      | Naru the Hill Orc Monk began the quest for the Orb.
     0 | D:1      | Reached XP level 1. HP: 19/19 MP: 1/1
   197 | D:1      | Reached XP level 2. HP: 27/27 MP: 2/2
   699 | D:2      | Found a radiant altar of Vehumet.
   702 | D:2      | Found a burning altar of Makhleb.
   702 | D:2      | Noticed Terence
   746 | D:1      | Killed Terence
   746 | D:1      | Reached XP level 3. HP: 15/34 MP: 3/3
   930 | D:1      | Reached skill level 5 in Axes
   935 | D:1      | Reached XP level 4. HP: 11/41 MP: 4/4
  1194 | D:2      | Reached skill level 1 in Armour
  1217 | D:2      | Noticed Robin
  1354 | D:2      | Killed Robin
  1661 | D:2      | Reached XP level 5. HP: 46/47 MP: 5/5
  1670 | D:2      | Noticed Natasha
  1682 | D:2      | Slain by Natasha

Skill      XL: |  1  2  3  4 |
---------------+-------------+-----
Fighting       | 4 |  4.7
Axes           | 5 |  5.7
Armour         | 1 |  1.1
Dodging        | |  2.8
Stealth        | |  1.5

Action                   |  1- 3 |  4- 6 || total
-------------------------+-------+-------++-------
Melee: Hand axe          |    95 |    87 ||   182
  Eat: Chunk             |       |     2 ||     2
       Ration            |       |     1 ||     1
Armor: Robe              |     3 |       ||     3
       Scale mail        |    21 |       ||    21
       Chain mail        |    16 |    77 ||    93
Dodge: Dodged            |    63 |    40 ||   103
